Map: Ephemeron LE

Players

herO

  • Race: Protoss Protoss
  • Spawn Location: 11:00

Reynor - Winner!

  • Race: Zerg Zerg
  • Spawn Location: 5:00

Event: 2019 WCS Global FInals

VOD

Have the link to the VOD?

Description

Time

  • Played on: Oct. 26, 2019, 12:28 a.m.
  • Length: 13:53

All games in this series

Show
View Real Time Build Order
Export as new Build Order

herO Protoss 

Build Orders: 1 Gate Expand, Oracle Opening, Phoenix Opening 

Get SALT Encoding   

  12  0:00  Probe  
  13  0:13  Pylon  
  13  0:17  Probe (Chrono Boost)  
  14  0:27  Probe (Chrono Boost)  
  15  0:32  Probe (Chrono Boost)  
  16  0:41  Gateway  
  16  0:44  Probe  
  16  0:49  Assimilator  
  17  0:56  Probe  
  18  1:08  Probe  
  19  1:20  Probe  
  20  1:26  Nexus  
  20  1:36  Cybernetics Core  
  20  1:39  Probe  
  21  1:45  Assimilator  
  21  1:52  Probe  
  22  1:54  Pylon  
  22  2:04  Probe  
  23  2:10  Adept (Chrono Boost)  
  25  2:17  Stargate  
  25  2:18  Probe  
  26  2:24  Warp Gate  
  26  2:31  Probe (Chrono Boost)  
  26  2:32  Adept  
  29  2:39  Probe (Chrono Boost)  
  29  2:42  Probe (Chrono Boost)  
  29  2:43  Pylon  
  31  2:49  Probe x2 (Chrono Boost)  
  33  2:56  Probe  
  33  2:57  Probe  
  35  3:02  Phoenix (Chrono Boost)  
  37  3:06  Adept  
  37  3:11  Probe x2  
  41  3:14  Pylon  
  41  3:24  Oracle (Chrono Boost)  
  41  3:25  Probe x2  
  46  3:31  Gateway  
  46  3:36  Assimilator  
  46  3:37  Probe x2  
  48  3:44  Assimilator  
  48  3:50  Robotics Facility  
  48  3:51  Probe x2  
  50  3:56  Pylon  
  50  4:03  Probe x2  
  50  4:08  Pylon  
  55  4:19  Gateway  
  55  4:20  Gateway  
  55  4:23  Gateway  
  55  4:24  Sentry  
  54  4:27  Probe x2  
  54  4:30  Gateway, Sentry  
  58  4:38  Immortal (Chrono Boost)  
  62  4:47  Pylon  
  62  4:56  Nexus  
  62  4:59  Pylon  
  62  5:03  Sentry x2  
  66  5:07  Warp Prism (Chrono Boost)  
  68  5:16  Gateway  
  68  5:20  Sentry x2  
  72  5:24  Pylon  
  72  5:34  Stalker x3  
  78  5:57  Sentry x2  
  78  5:58  Zealot x4  
  78  6:00  Pylon, Probe x2  
  78  6:01  Pylon  
  92  6:06  Observer (Chrono Boost)  
  93  6:12  Probe x2  
  93  6:16  Stalker  
  97  6:18  Zealot x4  
  105  6:27  Zealot, Sentry  
  105  6:32  Probe x2  
  105  6:34  Warp Prism (Chrono Boost)  
  89  6:51  Stalker  
  89  6:52  Stalker x3, Zealot  
  84  7:06  Immortal (Chrono Boost)  
  84  7:08  Probe x3  
  73  7:14  Adept  
  76  7:20  Probe x3  
  79  7:24  Twilight Council  
  79  7:27  Shield Battery, Forge  
  79  7:29  Zealot  
  81  7:30  Zealot, Sentry  
  81  7:31  Zealot  
  81  7:35  Zealot  
  81  7:36  Adept  
  91  7:43  Probe x3  
  94  7:47  Assimilator, Pylon  
  94  7:49  Immortal (Chrono Boost)  
  94  7:55  Probe x2  
  94  7:56  Probe  
  101  8:05  Assimilator, Protoss Ground Weapons Level 1  
  101  8:13  Probe x2  
  101  8:14  Probe  
  104  8:24  Robotics Bay  
  104  8:26  Robotics Facility  
  104  8:27  Probe x2  
  104  8:28  Probe  
  104  8:32  Immortal (Chrono Boost)  
  104  8:33  Pylon  
  107  8:34  Photon Cannon  
  111  8:43  Charge (Chrono Boost)  
  111  8:45  Zealot x5, Sentry  
  111  8:46  Zealot  
  125  8:49  Pylon  
  125  8:53  Probe  
  125  8:54  Pylon  
  126  9:04  Pylon  
  127  9:13  Colossus x2 (Chrono Boost)  
  138  9:24  Sentry x2  
  138  9:25  Zealot x5  
  138  9:28  Gateway  
  138  9:29  Extended Thermal Lance (Chrono Boost)  
  152  9:37  Pylon  
  150  9:46  Pylon  
  150  9:57  Colossus (Chrono Boost)  
  161  10:09  Nexus  
  161  10:11  Zealot x3  
  167  10:15  Colossus (Chrono Boost)  
  167  10:18  Sentry x3  
  167  10:19  Zealot  
  167  10:20  Pylon  
  175  10:22  Pylon  
  175  10:30  Pylon x2  
  175  10:45  Stalker x7  
  175  10:47  Stalker  
  175  10:48  Photon Cannon  
  191  10:50  Pylon  
  191  10:56  Observer (Chrono Boost)  
  188  11:09  Zealot, Sentry x3  
  188  11:10  Zealot x4  
  168  11:31  Zealot  
  168  11:32  Zealot x5  
  130  11:33  Zealot x2  
  88  11:50  Disruptor x2 (Chrono Boost)  
  84  11:57  Nexus  
  84  11:59  Sentry x2  
  84  12:00  Zealot x2, Sentry x4  
  100  12:16  Disruptor (Chrono Boost)  
  100  12:18  Disruptor (Chrono Boost)  
  101  12:24  Zealot x7  
  101  12:25  Nexus  
  101  12:26  Zealot  
  117  12:46  Stalker x5  
  127  12:55  Stalker x3  
  131  13:10  Stalker x4  
Show
View Real Time Build Order
Export as new Build Order

Reynor Zerg - Winner!

Build Orders: Hatch First 

Get SALT Encoding   

  12  0:00  Drone  
  13  0:12  Overlord  
  13  0:17  Drone  
  14  0:30  Drone x2  
  16  0:41  Drone  
  17  0:50  Drone  
  17  0:55  Hatchery  
  17  0:59  Drone  
  17  1:03  Extractor  
  17  1:14  Spawning Pool  
  17  1:18  Drone  
  17  1:23  Drone  
  18  1:27  Drone  
  19  1:38  Overlord  
  19  1:51  Drone  
  20  2:00  Queen  
  22  2:01  Zergling x2  
  23  2:08  Zergling x2, Queen  
  23  2:11  Drone  
  27  2:17  Drone  
  27  2:20  Metabolic Boost  
  27  2:21  Drone  
  29  2:28  Drone  
  30  2:36  Zergling x2  
  31  2:42  Overlord  
  31  2:43  Drone  
  32  2:50  Queen  
  34  2:52  Zergling x2  
  34  2:54  Zergling x2  
  36  3:00  Drone  
  36  3:05  Drone  
  38  3:09  Overlord  
  38  3:11  Drone x2  
  38  3:12  Drone  
  40  3:21  Drone  
  40  3:25  Drone, Hatchery  
  41  3:28  Queen  
  41  3:31  Drone  
  41  3:33  Drone  
  45  3:38  Overlord  
  45  3:40  Spore Crawler  
  44  3:42  Drone  
  44  3:44  Drone  
  46  3:49  Spore Crawler  
  46  3:54  Overlord  
  45  3:56  Drone  
  45  3:57  Drone x2  
  45  4:01  Zergling x4  
  50  4:04  Drone  
  50  4:09  Overlord  
  51  4:13  Drone  
  51  4:15  Drone x3  
  51  4:16  Drone  
  56  4:23  Drone  
  57  4:25  Queen  
  59  4:32  Roach Warren, Zergling x4  
  59  4:33  Drone  
  59  4:34  Drone  
  59  4:38  Drone x2  
  64  4:40  Spore Crawler  
  64  4:41  Drone  
  64  4:45  Extractor  
  64  4:46  Extractor  
  64  4:47  Drone x2  
  64  4:48  Evolution Chamber  
  64  4:50  Drone x2  
  65  4:54  Overlord  
  65  4:55  Drone  
  65  4:58  Drone x2  
  65  4:59  Drone  
  69  5:03  Lair  
  69  5:11  Drone x4  
  73  5:16  Roach x3  
  73  5:17  Roach  
  73  5:19  Overlord  
  81  5:26  Overlord  
  81  5:28  Overlord  
  81  5:32  Overlord  
  81  5:33  Extractor  
  81  5:34  Extractor  
  79  5:37  Roach  
  79  5:39  Queen  
  79  5:40  Drone x4  
  87  5:43  Roach  
  87  5:47  Roach x3  
  96  5:50  Overlord  
  96  5:52  Ravager x3  
  96  5:53  Roach x2, Zergling x2  
  104  6:00  Zergling x10  
  104  6:01  Zergling x2  
  104  6:03  Ravager  
  111  6:05  Roach  
  111  6:07  Overlord x2  
  111  6:11  Ravager  
  114  6:17  Roach x2, Zergling x6  
  113  6:22  Roach, Zergling x2  
  113  6:24  Ravager  
  113  6:28  Roach, Zergling x6  
  113  6:32  Roach x2, Zergling x2  
  115  6:34  Roach  
  115  6:36  Roach  
  115  6:39  Roach  
  104  6:40  Zergling x4, Roach  
  104  6:44  Roach  
  104  6:45  Queen  
  100  6:50  Roach, Zergling x2  
  100  6:51  Zergling x2  
  90  6:54  Roach  
  90  6:58  Roach, Zergling x2  
  89  7:01  Zergling x2  
  89  7:04  Roach  
  84  7:08  Zergling x2  
  84  7:09  Zergling x2  
  84  7:12  Zerg Melee Weapons Level 1  
  84  7:13  Drone  
  87  7:16  Drone  
  87  7:19  Drone x2  
  87  7:20  Queen  
  87  7:21  Drone x2  
  93  7:25  Glial Reconstitution  
  93  7:26  Drone  
  93  7:27  Drone  
  95  7:30  Drone, Extractor  
  95  7:38  Drone x2  
  95  7:41  Drone x2, Baneling Nest  
  95  7:43  Roach x2  
  102  7:48  Roach x2, Zergling x2  
  102  7:49  Drone x2  
  109  7:53  Zergling x4, Roach  
  109  7:55  Drone  
  114  8:04  Roach, Zergling x2  
  114  8:05  Zergling x2  
  118  8:11  Drone x4  
  121  8:13  Overlord  
  121  8:19  Drone x3  
  123  8:22  Extractor, Zergling x2  
  123  8:26  Overseer, Pneumatized Carapace  
  123  8:31  Hatchery  
  123  8:32  Ravager x3  
  125  8:34  Zergling x6  
  125  8:35  Zergling x8  
  125  8:40  Centrifical Hooks  
  132  8:45  Evolution Chamber  
  132  8:46  Overlord x2  
  131  8:51  Ravager x2  
  131  8:53  Zergling x8  
  131  8:55  Overlord  
  137  9:00  Overlord  
  137  9:02  Overlord  
  137  9:04  Drone x2  
  137  9:06  Roach  
  141  9:10  Roach x3, Zergling x4  
  141  9:13  Drone x2  
  151  9:18  Zerg Melee Weapons Level 2  
  151  9:20  Zerg Missile Weapons Level 1  
  151  9:23  Drone  
  152  9:27  Drone, Spire  
  152  9:30  Drone x2  
  154  9:31  Drone  
  154  9:32  Drone  
  154  9:33  Drone  
  154  9:36  Drone x2  
  154  9:37  Zergling x2  
  159  9:42  Zergling x8  
  163  9:46  Zergling x2  
  163  9:47  Zergling x6  
  163  9:52  Zergling x6  
  170  9:56  Ravager x2  
  170  9:59  Overlord  
  172  10:02  Drone  
  172  10:03  Zergling x4  
  172  10:04  Zergling x2  
  175  10:10  Drone, Overseer  
  175  10:11  Zergling x4, Roach  
  175  10:12  Infestation Pit, Zergling x8  
  182  10:20  Overlord  
  182  10:24  Overlord  
  182  10:29  Zergling x14  
  182  10:32  Overlord  
  182  10:34  Baneling x7  
  182  10:35  Baneling x19  
  182  10:53  Zergling x22  
  182  10:56  Hive  
  193  10:58  Baneling x11  
  193  10:59  Baneling x10  
  193  11:03  Zergling x10  
  195  11:07  Zergling x6  
  195  11:08  Zergling x2  
  195  11:10  Baneling x7  
  192  11:12  Zergling x4  
  192  11:17  Zergling x2  
  192  11:18  Zergling x10  
  190  11:24  Roach x4  
  173  11:27  Roach x2, Zergling x2  
  173  11:32  Roach x2, Zergling x2  
  157  11:35  Zergling x6  
  157  11:38  Zergling x6  
  139  11:40  Roach  
  139  11:41  Roach  
  139  11:42  Roach  
  139  11:45  Roach x2  
  134  11:48  Roach  
  134  11:53  Zergling x2  
  133  11:56  Queen  
  135  12:02  Baneling  
  135  12:04  Corruptor x4  
  135  12:06  Corruptor  
  145  12:13  Corruptor x2  
  149  12:20  Zergling x12  
  148  12:23  Drone  
  148  12:24  Drone x2  
  148  12:29  Greater Spire  
  151  12:42  Hatchery  
  151  12:43  Baneling x3  
  149  12:46  Baneling x8, Zergling x2  
  149  12:47  Zergling x8  
  154  12:56  Zergling x4  
  154  12:57  Zergling x12  
  158  13:11  Baneling x9  
  158  13:12  Zergling x18  
  166  13:18  Zergling x12  
  166  13:19  Zergling x2  
  168  13:24  Zergling x8  
  163  13:27  Zergling x4  
  155  13:35  Zergling x16  
Tags
 
Add a new tag
Caveats
  • Supply blocks, unpowered buildings, or Contaminate may cause inaccurate times.
  • Supply counts are checked every 10 seconds.